 Dungeon Crawl Stone Soup version 0.31-a0-986-g5e6e4ef867 (webtiles) character file.

Game seed: 1133910643721407022

107 IdlyInterested the Trooper (level 4, -10/37 HPs)
             Began as a Demonspawn Fighter on Nov 8, 2023.
             Killed by divine providence
             ... invoked by an orc priest
              (13 damage)
             ... on level 3 of the Dungeon.
             The game lasted 00:06:48 (3077 turns).

IdlyInterested the Trooper (Demonspawn Fighter)     Turns: 3077, Time: 00:06:49

Health: -10/37     AC:  6    Str: 18    XL:     4   Next: 56%
Magic:  4/4        EV:  9    Int: 10    God:
Gold:   99         SH:  0    Dex: 12    Spells: 3/3 levels left

rFire   . .          .
                       - Unarmed
rCold   . . .        (no shield)
rNeg    . . .        a - +0 scale mail
rPois   .            (helmet restricted)
rElec   .            (no cloak)
rCorr   .            (no gloves)
SInv    .            (no boots)
Will    +....        (no amulet) Stlth
                     s - ring of willpower
HPRegen 0.26/turn    (no ring)
MPRegen 0.09/turn

%: no passive effects
@: no status effects
A: claws 1, hooves 1, horns 1
a: no special abilities


You were on level 3 of the Dungeon.
You visited 1 branch of the dungeon, and saw 3 of its levels.

You collected 99 gold pieces.

Inventory:

Hand Weapons
 h - a +0 dagger
 j - a +0 short sword
 r - a +0 spear
 v - a +1 short sword of electrocution
Missiles
 k - 22 stones
 l - 12 poisoned darts (quivered)
Armour
 a - a +0 scale mail (worn)
 b - a +0 buckler
Jewellery
 s - a ring of willpower (left claw)
Scrolls
 d - 3 scrolls of identify {unknown}
 i - 2 scrolls of teleportation {unknown}
 m - 2 scrolls of revelation {unknown}
 n - 2 scrolls of poison {unknown}
 o - a scroll of brand weapon {unknown}
 p - a scroll of fog {unknown}
 u - a scroll of amnesia {unknown}
Potions
 c - a potion of might
 e - a potion of lignification {unknown}
 f - a potion of heal wounds {unknown}
 g - a potion of ambrosia {unknown}
 q - a potion of brilliance {unknown}
 t - 2 potions of curing {unknown}


   Skills:
 - Level 4.0 Fighting
 - Level 1.0 Throwing
 + Level 3.0 Armour
 - Level 1.0 Dodging
 - Level 1.0 Stealth
 - Level 2.6 Shields
 * Level 2.3 Unarmed Combat
 - Level 1.0 Evocations


You had 3 spell levels left.
You didn't know any spells.
Your spell library contained the following spells:

 Spells                   Type           Power      Damage    Failure   Level
 Sting                    Tmut/Pois      0%         1d3       75%         1
 Poisonous Vapours        Pois/Air       0%         N/A       87%         2
 Olgreb's Toxic Radiance  Pois           0%         N/A       100%        4


Dungeon Overview and Level Annotations

Branches:
Dungeon (3/15)

Altars:


Innate Abilities, Weirdness & Mutations

You have sharp fingernails.
You have large cloven feet.
You have a pair of small horns on your head.


Message History

You scratch the orc.
You kill the orc!
An orc wizard comes into view. It is wielding a +0 dagger.
You closely miss the orc priest.
The orc wizard shouts!
Your kick misses the orc priest.
You hear an angry hiss.
You scratch the orc priest. You kick the orc priest.
You headbutt the orc priest, but do no damage.
The orc priest is heavily wounded.
The orc priest hits you but does no damage.
You scratch the orc priest but do no damage.
Your kick misses the orc priest.
The orc priest is heavily wounded.
The orc priest mumbles some strange prayers to Beogh against you.
Beogh smites you!
You scratch the orc priest but do no damage.
Your kick misses the orc priest. Your headbutt misses the orc priest.
The orc priest is heavily wounded.
The orc wizard hits you but does no damage.
The orc priest barely misses you.
You scratch the orc priest but do no damage.
You kick the orc priest, but do no damage.
Your headbutt misses the orc priest.
The orc priest is heavily wounded.
The orc wizard hits you with a +0 dagger.
The orc priest barely misses you.
You scratch the orc priest but do no damage.
The orc priest is heavily wounded.
The orc wizard hits you but does no damage.
The orc priest hits you with a +0 flail.
* * * LOW HITPOINT WARNING * * *
You scratch the orc priest but do no damage.
The orc priest is heavily wounded.
The orc wizard casts a spell at you. The puff of flame hits you!
* * * LOW HITPOINT WARNING * * *
The orc priest calls down the wrath of Beogh upon you.
Beogh smites you!
You die...

.# #.# #...# #.##.#
.# ###.#######.##
#.##.# .#
#...†.......# #####
#.##.# .#
#.###...#######...#
#.##.# ## #.#
#.............#
#.##.# #
#.###...#######...#
#..... #
#...############.##
##.### #
#####....o)....#.#
#.# #
#....@o....#.# ###
# ##'##).##..#.# #
##..#### '#.# #
#########8..# #.#
####..))..†...##
#.# ##...##.......#
#.#
#..#########8..#
### #.## ##..# ..#
#'##


You could see an orc priest and an orc wizard.

Vanquished Creatures
  3 adders (D:3)
  2 worms
  2 dart slugs
  3 orcs (D:3)
  9 bats
  4 endoplasms (D:1)
  A giant cockroach (D:1)
  7 goblins
  8 hobgoblins
  4 quokkas
  3 ball pythons
  7 frilled lizards
  6 kobolds
  6 rats
65 creatures vanquished.

Notes
Turn   | Place    | Note
-------+----------+-------------------------------------------
     0 | D:1      | IdlyInterested the Demonspawn Fighter began the quest for
                  | the Orb.
     0 | D:1      | Reached XP level 1. HP: 18/18 MP: 1/1
   187 | D:1      | Reached skill level 1 in Evocations
   473 | D:1      | Discovered your monstrous ancestry.
   473 | D:1      | Gained mutation: You have a pair of small horns on your
                  | head. [demonic ancestry]
   473 | D:1      | Reached XP level 2. HP: 24/24 MP: 2/2
   488 | D:1      | Reached skill level 1 in Stealth
   929 | D:1      | Reached skill level 1 in Dodging
  1100 | D:1      | Gained mutation: You have large cloven feet. [demonic
                  | ancestry]
  1100 | D:1      | Reached XP level 3. HP: 28/29 MP: 3/3
  2057 | D:2      | Reached skill level 1 in Throwing
  2667 | D:3      | Gained mutation: You have sharp fingernails. [demonic
                  | ancestry]
  2667 | D:3      | Reached XP level 4. HP: 26/34 MP: 4/4
  2910 | D:3      | Reached skill level 4 in Fighting
  3077 | D:3      | Killed from afar by an orc priest

Illustrated notes

Levels and vault maps discovered:
D:1:      dpeg_arrival_boxorama, layout_basic
D:2:      minmay_evil_eye, layout_loops_ring, kennysheep_generic_room_5
D:3:      minmay_chambers_of_twos, layout_loops_ring, serial_shops,
          nicolae_shop_just_a_little_nook, fountainhead, uniq_terence

Skill      XL: |  1  2  3  4 |
---------------+-------------+-----
Evocations     | 1 |  1.0
Stealth        | 1 |  1.0
Dodging        | 1 |  1.0
Throwing       | 1 |  1.0
Fighting       | 4 |  4.0
Unarmed Combat | 2 |  2.3
Armour         | 3 |  3.0
Shields        | |  2.6

Action                     |  1- 3 |  4- 6 || total
---------------------------+-------+-------++-------
  Melee: Unarmed           |   157 |    36 ||   193
         Headbutt          |    14 |     3 ||    17
         Kick              |    15 |    15 ||    30
  Throw: Dart              |       |    15 ||    15
 Armour: Scale mail        |    99 |    22 ||   121
  Dodge: Dodged            |    52 |    14 ||    66
  Block: Buckler           |    24 |       ||    24

Table legend: (Time is in decaauts)
 A = Elapsed time spent in this place.
 B = Non-inter-level travel time spent in this place.
 C = Inter-level travel time spent in this place.
 D = Time resting spent in this place.
 E = Time spent auto-exploring this place.
 F = Levels seen in this place.
 G = Mean time per level.
                   A        B        C        D        E       F      G
               +--------+--------+--------+--------+--------+-----+--------+
         Total |   3073 |   2787 |    286 |    456 |   1729 |   3 | 1024.3 |
       Dungeon |   3073 |   2787 |    286 |    456 |   1729 |   3 | 1024.3 |
               +--------+--------+--------+--------+--------+-----+--------+

Top non-repeatable levels by time:
     D:1: 1746 daAuts
     D:2: 873 daAuts
     D:3: 454 daAuts
